 Dungeon Crawl Stone Soup version 0.21.1-1-g345015f (webtiles) character file.

35 Fang the Sneak (level 3, -6/35 HPs)
             Began as a Troll Assassin on May 18, 2018.
             Mangled by a hobgoblin
             ... wielding a +0 club
             ... led by Robin
              (8 damage)
             ... on level 2 of the Dungeon.
             The game lasted 00:00:58 (931 turns).

Fang the Sneak (Troll Assassin)                      Turns: 931, Time: 00:00:58

Health: -6/35      AC:  6    Str: 20    XL:     3   Next: 16%
Magic:  2/2        EV:  9    Int:  7    God:
Gold:   111        SH:  0    Dex: 11    Spells: 2/2 levels left

rFire    . . .     SeeInvis .   a - +2 dagger
rCold    . . .     Gourm    +   (no shield)
rNeg     . . .     Faith    .   c - +0 robe
rPois    .         Spirit   .   (helmet restricted)
rElec    .         Reflect  .   d - +0 cloak
rCorr    .         Harm     .   (gloves unavailable)
MR       .....                  (boots unavailable)
Stlth    ++........             (no amulet)
HPRegen  0.51/turn              (no ring)
MPRegen  0.08/turn              (no ring)

@: no status effects
A: large, unfitting armour, claws 3, fast metabolism 3, gourmand, regeneration
1, shaggy fur 1, tough skin 2
a: no special abilities


You were on level 2 of the Dungeon.
You were not hungry.

You visited 1 branch of the dungeon, and saw 2 of its levels.

You collected 111 gold pieces.

Inventory:

Hand Weapons
 a - a +2 dagger (weapon)
 b - a +0 blowgun
Missiles
 e - 8 poisoned needles
 f - 2 curare-tipped needles
Armour
 c - a +0 robe (worn)
 d - a +0 cloak (worn)
Scrolls
 j - a scroll of noise {unknown}
 l - a scroll of amnesia {unknown}
 m - a scroll of magic mapping {unknown}
 n - a scroll of random uselessness {unknown}
 o - a scroll of fog {unknown}
 q - a scroll of fear {unknown}
 r - a scroll of immolation {unknown}
Potions
 h - a potion of agility {unknown}
 i - a potion of curing {unknown}
 k - a potion of heal wounds {unknown}
 p - a potion of might {unknown}
 s - a potion of lignification {unknown}
Comestibles
 g - 4 rations


   Skills:
 + Level 1.8 Fighting
 + Level 1.7 Short Blades
 + Level 1.7 Throwing
 + Level 0.8 Dodging
 + Level 2.7 Stealth


You had 2 spell levels left.
You didn't know any spells.

Dungeon Overview and Level Annotations

Branches:
Dungeon (2/15)

Altars:
Gozag

Annotations:
D:2 Robin


Innate Abilities, Weirdness & Mutations

You are too large for most types of armour.
You have claws for hands.
Your metabolism is lightning-fast.
You like to eat raw meat.
Your natural rate of healing is unusually fast.
You are covered in fur. (AC +1)
You have very tough skin. (AC +2)


Message History

You are too injured to fight recklessly!
You are too injured to fight recklessly!
Unknown command.
You are too injured to fight recklessly!
Unknown command.
You are too injured to fight recklessly!
Unknown command.
You are too injured to fight recklessly!
You hit the goblin.
You kill the goblin!
The hobgoblin hits you with a club.
* * * LOW HITPOINT WARNING * * *
The goblin hits you with a dagger.
* * * LOW HITPOINT WARNING * * *
The hobgoblin hits you.
* * * LOW HITPOINT WARNING * * *
The goblin hits you but does no damage.
You barely miss the goblin. The goblin hits you but does no damage.
The hobgoblin hits you with a club!
You die...

#.####......#
#.......#>#.#
#########....#.#
.....(.<.......#
....#####.#.####
. #(.........#
#.#.#.####.#
###g###... #
#.g@g.###.#
#.8ggg8.# .#
#.gggg..# #
....g_.....
#.#.......#..#
...#.8...8.##..
.# ##.....## ##
###.###


You could see Robin, 2 hobgoblins and 8 goblins.

Vanquished Creatures
  An ooze (D:1)
  A dart slug (D:1)
  A leopard gecko (D:1)
  A bat (D:1)
  A giant cockroach (D:2)
  6 goblins
  5 hobgoblins (D:1)
  A ball python (D:1)
  4 frilled lizards (D:1)
  3 kobolds (D:1)
  2 rats (D:1)
26 creatures vanquished.

Notes
Turn   | Place    | Note
-------+----------+-------------------------------------------
     0 | D:1      | Fang the Troll Assassin began the quest for the Orb.
     0 | D:1      | Reached XP level 1. HP: 19/19 MP: 0/0
   125 | D:1      | Reached XP level 2. HP: 22/28 MP: 1/1
   505 | D:1      | Reached XP level 3. HP: 35/35 MP: 2/2
   920 | D:2      | Found an opulent altar of Gozag.
   921 | D:2      | Noticed Robin
   930 | D:2      | HP: 1/35 [hobgoblin[Robin] (4)]
   931 | D:2      | Mangled by a hobgoblin

Action                   || total
-------------------------++-------
Melee: Dagger            ||    73
 Stab: Sleeping          ||     7
  Eat: Chunk             ||     2
       Ration            ||     1
Armor: Robe              ||    29
Dodge: Dodged            ||    32
